 Dungeon Crawl Stone Soup version 0.29.0-4-gdea44cf6ec (webtiles) character file.

Game seed: 17326753558967483375

175 qw the Chopper (level 5, -3/30 HPs)
             Began as a Tengu Warper on Aug 28, 2022.
             Killed by divine providence
             ... invoked by an orc priest
              (11 damage)
             ... on level 4 of the Dungeon.
             The game lasted 00:00:24 (3948 turns).

qw the Chopper (Tengu Warper)                       Turns: 3948, Time: 00:00:25

Health: -3/30      AC:  8    Str: 14    XL:     5   Next: 55%
Magic:  9/9        EV:  7    Int: 13    God:
Gold:   162        SH:  0    Dex: 13    Spells: 8/8 levels left

rFire   . . .      SeeInvis .   Y - +1 hand axe
rCold   . . .      Faith    .   (no shield)
rNeg    . . .      Spirit   .   b - +0 chain mail
rPois   .          Reflect  .   (helmet restricted)
rElec   .          Harm     .   d - scarf {repulsion}
rCorr   .          Rampage  .   (no gloves)
Will    .....                   (boots unavailable)
Stlth   ..........              (no amulet)
HPRegen 0.10/turn               (no ring)
MPRegen 0.11/turn               (no ring)

@: flying quickly and evasively, repel missiles, quick
A: beak, talons 3, nimble flight
a: no special abilities


You were on level 4 of the Dungeon.
You visited 1 branch of the dungeon, and saw 4 of its levels.

You collected 162 gold pieces.


Innate Abilities, Weirdness & Mutations

You have a beak for a mouth.
You have claws for feet.
Your magical nature lets you fly swiftly and evasively.


   Skills:
 - Level 2.0 Fighting
 - Level 6.0 Axes
 - Level 1.0 Throwing
 + Level 1.5 Armour
 - Level 2.1 Dodging
 - Level 2.0 Spellcasting
 - Level 2.4 Translocations


You had 8 spell levels left.
You didn't know any spells.
Your spell library contained the following spells:

 Spells                   Type           Power      Damage    Failure   Level
 Blink                    Tloc           14%        N/A       99%         2
 Gell's Gravitas          Tloc           7%         N/A       100%        3
 Lesser Beckoning         Tloc           7%         N/A       100%        3
 Teleport Other           Tloc           7%         N/A       100%        3
 Manifold Assault         Tloc           7%         N/A       100%        5

Inventory:

Hand Weapons
 a - a +0 whip
 Y - a +1 hand axe (weapon)
Armour
 b - a +0 chain mail (worn)
 d - a scarf of repulsion (worn)
Scrolls
 f - a scroll of identify
Potions
 e - 2 potions of curing
 g - a potion of might
 i - a potion of flight {unknown}

Dungeon Overview and Level Annotations

Branches:
Dungeon (4/15)
 Temple: D:4-7

Altars:
Ashenzari
Nemelex Xobeh


Message History

You barely miss the kobold. The kobold closely misses you.
You hit the orc.
You kill the orc!
You hit the kobold. The kobold barely misses you.
You hit the kobold but do no damage. You claw the kobold.
You kill the kobold!
The orc hits you but does no damage.
The orc wizard hits you but does no damage.
The orc priest invokes the aid of Beogh against you.
Beogh smites you!
Items here: % ( )) [.
You hit the orc wizard.
You peck the orc wizard, but do no damage.
You punch the orc wizard.
The orc wizard is moderately wounded.
You closely miss the orc. The orc hits you with a +0 club.
The orc wizard hits you but does no damage.
You closely miss the orc wizard. You claw the orc wizard.
The orc wizard is heavily wounded.
You hit the orc but do no damage. The orc barely misses you.
The orc wizard hits you with a +0 dagger.
You barely miss the orc wizard. Your peck misses the orc wizard.
The orc wizard is heavily wounded.
You hit the orc. You closely miss the orc priest.
The orc wizard hits you but does no damage.
The orc priest miscasts a cantrip.
The orc hits you with a +0 club.
You barely miss the orc wizard. Your kick misses the orc wizard.
The orc wizard is heavily wounded.
You closely miss the orc. You hit the orc priest. The orc closely misses you.
The orc wizard points at you and mumbles some strange words.
The puff of flame hits you.
The orc priest mumbles some strange prayers to Beogh against you.
Beogh smites you!
You die...

......#### .........#
...... .........# .....#
.........###+#.....# #.
...................# #.
....?........[.....# #.
......oo........### ..#.
......o@........#_+...#.
#...............####..#.
#.$......##........#..#.
.........##........#..#.
...................#..#.
...............#...#..#.
...............#......#.
...............#......'.
....>........#......#.


You could see an orc priest, an orc wizard and an orc.

Vanquished Creatures
  8 adders
  A worm (D:2)
  A dart slug (D:1)
  5 orcs
  7 ball pythons
  7 bats
  12 endoplasms
  6 giant cockroaches
  4 goblins
  9 hobgoblins
  4 jackals (D:1)
  7 kobolds
  7 quokkas
  2 frilled lizards (D:2)
  7 rats
87 creatures vanquished.

Vanquished Creatures (others)
  3 fungi (D:2)
  5 plants
  5 toadstools (D:4)
13 creatures vanquished.

Grand Total: 100 creatures vanquished

Notes
Turn   | Place    | Note
-------+----------+-------------------------------------------
     0 | D:1      | qw the Tengu Warper began the quest for the Orb.
     0 | D:1      | Reached XP level 1. HP: 12/12 MP: 4/4
     0 | D:1      | 0 ||| qw: Version: 0.1-a-89-g26bdef1
     0 | D:1      | 0 ||| qw: Game counter: 1484
     0 | D:1      | 0 ||| qw: Always use a shield: true
     0 | D:1      | 0 ||| qw: God list: Okawaru
     0 | D:1      | 0 ||| qw: Allow faded altars: false
     0 | D:1      | 0 ||| qw: Do Orc after D:15 true
     0 | D:1      | 0 ||| qw: Do second Lair branch before Depths: true
     0 | D:1      | 0 ||| qw: Lair rune preference: random
     0 | D:1      | 0 ||| qw: Plans: Normal
     0 | D:1      | 0 ||| PLANNING D:1-11
   135 | D:1      | Reached XP level 2. HP: 9/17 MP: 6/6
   137 | D:1      | HP: 3/17 [jackal (2)]
   140 | D:1      | Reached skill level 3 in Axes
   713 | D:1      | 713 ||| Stepping ~*~*~tactically~*~*~ (stealth).
   714 | D:1      | 714 ||| Stepping ~*~*~tactically~*~*~ (stealth).
   715 | D:1      | 715 ||| Stepping ~*~*~tactically~*~*~ (stealth).
   716 | D:1      | 716 ||| Stepping ~*~*~tactically~*~*~ (stealth).
   902 | D:1      | 902 ||| Stepping ~*~*~tactically~*~*~ (hiding).
   904 | D:1      | 904 ||| Stepping ~*~*~tactically~*~*~ (stealth).
   917 | D:1      | Reached XP level 3. HP: 16/21 MP: 7/7
   927 | D:1      | 927 ||| Stepping ~*~*~tactically~*~*~ (stealth).
  1015 | D:1      | 1015 ||| Stepping ~*~*~tactically~*~*~ (stealth).
  1021 | D:1      | 1021 ||| Stepping ~*~*~tactically~*~*~ (stealth).
  1157 | D:1      | Reached skill level 4 in Axes
  1306 | D:1      | 1306 ||| UPGRADING to +0 ring mail.
  1316 | D:1      | 1316 ||| DROPPING +0 leather armour.
  1317 | D:1      | 1317 ||| DRINKING 3 pink potions.
  1318 | D:1      | 1318 ||| DRINKING 2 red potions.
  1365 | D:1      | 1365 ||| DROPPING scroll of blinking.
  1366 | D:1      | 1366 ||| DROPPING potion of lignification.
  1659 | D:2      | 1659 ||| Stepping ~*~*~tactically~*~*~ (stealth).
  1824 | D:2      | Found a faded altar of an unknown god.
  1826 | D:2      | 1826 ||| Stepping ~*~*~tactically~*~*~ (stealth).
  1836 | D:2      | Reached XP level 4. HP: 18/26 MP: 8/8
  2204 | D:2      | Reached skill level 5 in Axes
  2670 | D:2      | 2670 ||| UPGRADING to +0 chain mail.
  2680 | D:2      | 2680 ||| DROPPING +0 ring mail.
  2681 | D:2      | 2681 ||| DROPPING orb of wrath.
  2682 | D:2      | 2682 ||| READING scroll labelled SEUDARPH MEMI.
  2683 | D:2      | 2683 ||| READING scroll labelled ORCHAPE UMYUD.
  2687 | D:2      | 2687 ||| READING scroll labelled ITUMUDIUHO.
  2688 | D:2      | 2688 ||| READING scroll labelled SIUKYTZ XUME.
  2771 | D:3      | 2771 ||| Stepping ~*~*~tactically~*~*~ (stealth).
  3005 | D:3      | 3005 ||| DROPPING +0 club.
  3006 | D:3      | 3006 ||| Stepping ~*~*~tactically~*~*~ (stealth).
  3007 | D:3      | 3007 ||| Stepping ~*~*~tactically~*~*~ (stealth).
  3030 | D:3      | Found a sparkling altar of Nemelex Xobeh.
  3098 | D:3      | Gained mutation: Your magical nature lets you fly swiftly
                  | and evasively. [Tengu growth]
  3098 | D:3      | Reached XP level 5. HP: 30/30 MP: 9/9
  3399 | D:3      | 3399 ||| Stepping ~*~*~tactically~*~*~ (stealth).
  3680 | D:3      | 3680 ||| UPGRADING to scarf of repulsion.
  3685 | D:3      | 3685 ||| READING scroll labelled QUM HUILEA.
  3686 | D:3      | 3686 ||| READING scroll labelled AXZABOH FUENU.
  3687 | D:3      | 3687 ||| READING 2 scrolls of identify.
  3687 | D:3      | 3687 ||| IDENTIFYING sedimented orange potion
  3770 | D:4      | 3770 ||| Stepping ~*~*~tactically~*~*~ (stealth).
  3771 | D:4      | 3771 ||| Stepping ~*~*~tactically~*~*~ (stealth).
  3773 | D:4      | 3773 ||| Stepping ~*~*~tactically~*~*~ (stealth).
  3779 | D:4      | Reached skill level 6 in Axes
  3918 | D:4      | Found a broken altar of Ashenzari.
  3948 | D:4      | Killed from afar by an orc priest

Levels and vault maps discovered:
D:1:      roderic_crop_circles_arrival_small, layout_basic
D:2:      layout_loops_corners, shapermc_ecumenical_altar_rom_forum
D:3:      layout_loops_cross, mainiacjoe_overflow_brackets
D:4:      layout_gridville, ashenzari_conservatory_becter, lemuel_doored_altar,
          amethyst_overflow_temple_binary, temple_green,
          minmay_gold_behind_fungi

Skill      XL: |  1  2  3  4  5 |
---------------+----------------+-----
Axes           | 3 4 5 6 |  6.0
Fighting       | |  2.0
Throwing       | |  1.0
Armour         | |  1.5
Dodging        | |  2.1
Spellcasting   | |  2.0
Translocations | |  2.4

Action                   |  1- 3 |  4- 6 || total
-------------------------+-------+-------++-------
Melee: Hand axe          |    93 |   140 ||   233
       Kick              |    23 |    28 ||    51
       Peck              |    11 |    17 ||    28
       Punch             |       |     1 ||     1
Throw: Boomerang         |     7 |       ||     7
       Javelin           |     2 |     7 ||     9
  Use: Potion            |     2 |       ||     2
       Scroll            |       |     7 ||     7
Armor: Leather armour    |    17 |       ||    17
       Ring mail         |    10 |     3 ||    13
       Chain mail        |       |    63 ||    63
Dodge: Dodged            |    62 |    45 ||   107

Table legend:
 A = Non-vault XP
 B = Vault XP
 C = Vault XP percentage of total XP
 D = Non-vault monster count
 E = Vault monster count
 F = Vault count percentage of total count
                 A         B        C        D         E       F
            +---------+---------+-------+---------+---------+-------
      Total |     250 |       0 |   0.0 |      87 |       0 |   0.0
            +---------+---------+-------+---------+---------+-------
        D:1 |      47 |       0 |   0.0 |      24 |       0 |   0.0
        D:2 |      84 |       0 |   0.0 |      22 |       0 |   0.0
        D:3 |      69 |       0 |   0.0 |      27 |       0 |   0.0
        D:4 |      50 |       0 |   0.0 |      14 |       0 |   0.0
            +---------+---------+-------+---------+---------+-------
